 Dungeon Crawl Stone Soup version 0.31.0-9-g3a7656b989 (webtiles) character file.

Game seed: 7151037839802001365

92864 ExZ the Eclecticist (level 15, -4/88 HPs)
             Began as a Deep Elf Conjurer on Jan 30, 2024.
             Was a High Priest of Vehumet.
             Slain by a five-headed hydra (12 damage)
             ... on level 1 of the Swamp.
             The game lasted 01:15:05 (33180 turns).

ExZ the Eclecticist (Deep Elf Conjurer)            Turns: 33180, Time: 01:15:05

Health: -4/88      AC: 17    Str:  8    XL:     15   Next: 59%
Magic:  10/45      EV: 18    Int: 29    God:    Vehumet [*****.]
Gold:   1592       SH: 13    Dex: 19    Spells: 27/45 levels left

rFire   + + .        I - staff of earth
rCold   . . .        L - +2 buckler
rNeg    . . .        n - +0 acid dragon scales
rPois   +            O - +2 helmet
rElec   .            K - +2 cloak
rCorr   +            R - +0 pair of gloves of Cowardice {Str+2 Slay+2}
SInv    +            B - +0 pair of boots
Will    ++++.        f - amulet of Sloth {Reflect rF- Will+++ SH+5 SInv}
Stlth   ++           C - ring of magical power
HPRegen 0.34/turn    N - ring "Myrchij" {rPois rF+++ Dex+6 Slay-5 SInv}
MPRegen 0.29/turn

%: reflection
@: no status effects
A: MP-powered wands
a: Renounce Religion


You were on level 1 of the Swamp.
You worshipped Vehumet.
Vehumet was extremely pleased with you.
You visited 6 branches of the dungeon, and saw 25 of its levels.
You also visited: Sewer.

You collected 2442 gold pieces.
You spent 850 gold pieces at shops.

Inventory:

Armour
 c - a +0 kite shield
 n - +0 acid dragon scales (worn)
 B - a +0 pair of boots (worn)
 K - a +2 cloak (worn)
 L - a +2 buckler (worn)
 O - a +2 helmet (worn)
 Q - a +1 leather armour of fire resistance
 R - the +0 pair of gloves of Cowardice (worn) {Str+2 Slay+2}
   (You found it on level 5 of the Lair of Beasts)

   Str+2:     It affects your strength (+2).
   Slay+2:    It affects your accuracy & damage with ranged weapons and melee
   (+2).
Magical Staves
 I - a staff of earth (weapon)
 X - a staff of fire
Jewellery
 f - the amulet of Sloth (around neck) {Reflect rF- Will+++ SH+5 SInv}
   (You found it on level 14 of the Dungeon)

   [amulet of reflection]

   Reflect:   It reflects blocked missile attacks.
   rF-:       It makes you vulnerable to fire.
   Will+++:   It greatly increases your willpower.
   SInv:      It lets you see invisible.
   SH+5:      It affects your SH (+5).
 j - a ring of flight
 q - a +5 ring of evasion
 C - a ring of magical power (left hand)
 N - the ring "Myrchij" (right hand) {rPois rF+++ Dex+6 Slay-5 SInv}
   (You bought it in a shop on level 2 of the Orcish Mines)

   [ring of dexterity]

   Dex+6:     It affects your dexterity (+6).
   Slay-5:    It affects your accuracy & damage with ranged weapons and melee
   (-5).
   rF+++:     It renders you almost immune to fire.
   rPois:     It protects you from poison SInv: It lets you see invisible.
Wands
 E - a wand of mindburst (8)
 G - a wand of digging (2)
 J - a wand of acid (9) (quivered)
 P - a wand of charming (18)
 S - a wand of flame (21)
Scrolls
 b - a scroll of noise
 d - 3 scrolls of immolation
 i - 2 scrolls of enchant weapon
 l - 4 scrolls of revelation
 m - 3 scrolls of torment
 o - a scroll of silence
 p - a scroll of poison
 s - 5 scrolls of enchant armour
 t - 2 scrolls of fog
 y - 2 scrolls of fear
 z - a scroll of butterflies
 D - 3 scrolls of teleportation
 F - 5 scrolls of vulnerability
 T - 2 scrolls of blinking
 W - a scroll of amnesia
Potions
 e - 3 potions of might
 g - 7 potions of curing
 h - 4 potions of mutation
 k - a potion of resistance
 r - 2 potions of enlightenment
 u - a potion of heal wounds
 v - 3 potions of haste
 w - 3 potions of lignification {unknown}
 x - 2 potions of attraction {unknown}
 A - 2 potions of cancellation {unknown}
 H - a potion of brilliance {unknown}
 M - 5 potions of degeneration {unknown}
 U - 2 potions of magic
Miscellaneous
 a - a phial of floods (inert)
 V - a phantom mirror


   Skills:
 - Level 8.2 Fighting
 - Level 8.6 Armour
 + Level 13.0 Dodging
 - Level 2.4 Stealth
 + Level 7.7 Shields
 - Level 15.8 Spellcasting
 - Level 10.0 Conjurations
 - Level 3.0 Translocations
 - Level 10.2 Fire Magic
 - Level 10.0 Earth Magic
 - Level 7.0 Evocations


You had 27 spell levels left.
You knew the following spells:

 Your Spells              Type           Power      Damage    Failure   Level
a - Flame Wave            Conj/Fire      69%        2d16      1%          4
b - Iskenderun's Battles  Conj           69%        2d12      1%          5
c - Iskenderun's Mystic   Conj/Tloc      57%        2d12      1%          4
d - Blink                 Tloc           80%        N/A       1%          2
e - Stone Arrow           Conj/Erth      100%       3d13      1%          3

Your spell library contained the following spells:

 Spells                   Type           Power      Damage    Failure   Level
 Yara's Violent Unravell  Hex/Alch       11%        3d6       32%         5
 Apportation              Tloc           80%        N/A       1%          1
 Freeze                   Ice            88%        1d9       1%          1
 Kiss of Death            Conj/Necr      100%       2d13      1%          1
 Magic Dart               Conj           100%       1d8       1%          1
 Sandblast                Erth           100%       2d20      1%          1
 Sting                    Conj/Alch      100%       1d9       1%          1
 Lesser Beckoning         Tloc           80%        N/A       1%          2
 Momentum Strike          Conj/Tloc      100%       3d10      1%          2
 Searing Ray              Conj           100%       2d8       1%          2
 Dazzling Flash           Conj/Hex       100%       N/A       1%          3
 Hailstorm                Conj/Ice       51%        3d10      1%          3
 Inner Flame              Hex/Fire       52%        N/A       1%          3
 Mephitic Cloud           Conj/Alch/Air  42%        N/A       1%          3
 Passwall                 Erth           88%        N/A       1%          3
 Brom's Barrelling Bould  Conj/Erth      88%        2d10      1%          4
 Fulminant Prism          Conj/Alch      25%        3d14      1%          4
 Sticky Flame             Fire/Alch      52%        2d9       1%          4
 Necrotise                Necr           88%        1d8       4%          1
 Summon Small Mammal      Summ           88%        N/A       4%          1
 Frozen Ramparts          Ice            44%        1d7       4%          3
 Summon Blazeheart Golem  Fire/Summ      52%        N/A       5%          4
 Animate Armour           Summ/Erth      100%       N/A       6%          4
 Ensorcelled Hibernation  Hex/Ice        44%        N/A       7%          2
 Call Canine Familiar     Summ           22%        N/A       14%         3
 Confusing Touch          Hex            22%        N/A       14%         3
 Fugue of the Fallen      Necr           22%        N/A       14%         3
 Ozocubu's Armour         Ice            22%        N/A       14%         3
 Sigil of Binding         Hex            22%        N/A       14%         3
 Manifold Assault         Tloc           40%        N/A       14%         4
 Passage of Golubria      Tloc           40%        N/A       14%         4
 Dimensional Bullseye     Hex/Tloc       15%        N/A       26%         4
 Anguish                  Hex/Necr       11%        N/A       43%         4
 Cause Fear               Hex            11%        N/A       43%         4
 Dispel Undead            Necr           22%        3d12      43%         4
 Summon Forest            Summ/Tloc      15%        N/A       56%         5
 Lehudib's Crystal Spear  Conj/Erth      44%        10d11     75%         8
 Curse of Agony           Necr           22%        N/A       78%         5
 Silence                  Hex/Air        11%        N/A       78%         5
 Eringya's Noxious Bog    Alch           11%        4d6       83%         6
 Enfeeble                 Hex            11%        N/A       100%        7
 Summon Hydra             Summ           11%        N/A       100%        7


Dungeon Overview and Level Annotations

Branches:
Dungeon (15/15)            Temple (1/1) D:7            Lair (5/5) D:8
  Swamp (1/4) Lair:3        Snake (0/4) Lair:3        Slime (0/5) Lair:5
    Orc (2/2) D:9             Elf (1/3) Orc:2        Vaults (0/5) D:14
 Depths (0/4) D:15          Sewer (visited)

Altars:
Ashenzari
Cheibriados
Dithmenos
Elyvilon
Fedhas
Gozag
Hepliaklqana
Kikubaaqudgha
Makhleb
Nemelex Xobeh
Okawaru
Qazlal
Ru
Sif Muna
Trog
Uskayaw
Vehumet
Wu Jian
Xom
Yredelemnul
Zin
The Shining One
Jiyva

Shops:
Orc:2 ((==

Annotations:
Temple 2 transporters


Innate Abilities, Weirdness & Mutations

You expend magic power (3 MP) to strengthen your wands.


Message History

Unknown command.
Unknown command.
Unknown command.
The five-headed hydra is engulfed in a cloud of scalding steam.
Unknown command.
Unknown command.
The seven-headed hydra is engulfed in a cloud of scalding steam.
The six-headed hydra is engulfed in a cloud of scalding steam.
The seven-headed hydra is engulfed in a cloud of scalding steam.
The six-headed hydra is engulfed in a cloud of scalding steam.
The five-headed hydra is engulfed in blazing flames.
Casting: Flame Wave (safe; 1% risk of failure)
Confirm with . or Enter, or press ? or * to list all spells.
You erupt in a blast of force!
The mystic blast hits the five-headed hydra!
The five-headed hydra is heavily wounded.
The six-headed hydra is engulfed in blazing flames.
The five-headed hydra bites you!
* * * LOW HITPOINT WARNING * * *
The five-headed hydra closely misses you.
You block the five-headed hydra's attack. x2
The five-headed hydra bites you but does no damage.
Unknown command.
Unknown command.
Casting: Iskenderun's Mystic Blast (mildly dangerous; 1% risk of failure)
Confirm with . or Enter, or press ? or * to list all spells.
You erupt in a blast of force!
The mystic blast hits the six-headed hydra!
The six-headed hydra is heavily wounded.
The mystic blast hits the seven-headed hydra!
The seven-headed hydra is moderately wounded.
The seven-headed hydra is knocked back by the mystic blast.
The mystic blast hits the five-headed hydra!
The five-headed hydra is severely wounded.
The five-headed hydra misses you.
The five-headed hydra bites you but does no damage.
The five-headed hydra bites you!
* * * LOW HITPOINT WARNING * * *
The five-headed hydra bites you!
You die...

♣~§~..~ ♣♣
§.~~~.~
♣~♣♣♣......~~
~♣♣♣♣>.<...~~~~~)
....♣~~....~~~~..
......~~..~~~§~..
........~~~§~~>.♣
.~§~~~~.(~~~~~~.♣
~~~§~~~~@..~~~§.~
~~~~~~~~D..§~~~..
≈≈.....○D.~~~~~..
≈≈≈≈♣♣..D.~§~~~~.
♣≈≈≈ ♣§~D.§~~~...
.~~§♣♣.~~†~§...~~
≈.♣♣~...~~~§~♣♣.~
≈..:.....~~~~~♣ ♣
≈≈..♣~..§§§~~~♣


You could see 2 seven-headed hydras, a six-headed hydra and a five-headed hydra.

Vanquished Creatures
  Rupert (Lair:3)
  An orc warlord (Orc:1)
  A bunyip (Lair:3)
  A dire elephant (Lair:5)
  Josephine (D:15)
  A fire dragon (D:15)
  4 hydras
  A great orb of eyes (D:15)
  3 catoblepae
  An ice dragon (Lair:3)
  2 ogre magi
  7 death yaks
  7 centaur warriors
  4 boulder beetles
  8 two-headed ogres
  A deep troll shaman (Lair:5)
  2 tengu warriors (D:15)
  3 orc high priests (Orc:2)
  Amaemon (Lair:3)
  4 skeletal warriors
  A skyshark (Lair:4)
  Lodul (D:11)
  2 swamp dragons (Swamp:1)
  2 bog bodies
  7 orc knights
  3 deep elf pyromancers
  10 ugly things
  4 orc sorcerers (Orc:2)
  A cyclops (D:14)
  A will-o-the-wisp (Lair:3)
  An oklob plant (Lair:5)
  4 kobold blastminers (Orc:2)
  An ice statue (Lair:3)
  21 elephants
  3 black mambas
  4 gargoyles
  An orange demon (Lair:3)
  3 centaur skeletons (D:14)
  13 cane toads
  4 rime drakes
  7 komodo dragons
  An efreet (D:15)
  Psyche (D:8)
  A tengu conjurer (D:15)
  5 trolls
  2 tyrant leeches
  2 polar bears (shapeshifter)
  4 polar bears
  A hornet (Swamp:1)
  10 blink frogs (Lair:4)
  12 slime creatures
  A shadow (D:10)
  A spriggan (Swamp:1)
  3 wraiths (D:15)
  A vampire (D:8)
  5 basilisks
  4 wyverns
  24 yaks
  A human (shapeshifter) (D:14)
  A steam dragon (D:9)
  6 vampire mosquitoes (D:14)
  Menkaure (D:7)
  3 acid dragons
  3 swamp worms (Swamp:1)
  4 nagas (Lair:3)
  20 water moccasins
  24 orc warriors
  A black bear (Lair:4)
  8 ice beasts (Lair:3)
  15 ogres
  14 wolves
  2 laughing skulls (D:14)
  15 centaurs
  A phantom (D:4)
  2 brain worms (Sewer)
  17 bullfrogs
  3 scorpions
  5 wights (D:8)
  10 killer bees
  5 electric eels
  A bombardier beetle (D:6)
  A gnoll bouda (D:9)
  2 hounds
  2 jellies
  13 orc priests
  A sleepcap (D:8)
  5 hell rats (Lair:1)
  16 orc wizards
  A boggart skeleton (D:14)
  16 adders
  6 gnolls
  A shadow imp (D:5)
  4 white imps
  7 ribbon worms
  76 orcs
  8 ball pythons
  5 endoplasms
  2 giant cockroaches (D:4)
  9 goblins
  4 hobgoblins
  6 quokkas
  6 bats
  9 frilled lizards
  7 kobolds
  13 rats
608 creatures vanquished.

Vanquished Creatures (others)
  An orc wizard (Orc:2)
  2 orcs
3 creatures vanquished.

Grand Total: 611 creatures vanquished

Notes
Turn   | Place    | Note
-------+----------+-------------------------------------------
     0 | D:1      | ExZ the Deep Elf Conjurer began the quest for the Orb.
     0 | D:1      | Reached XP level 1. HP: 10/10 MP: 6/6
    38 | D:1      | Reached XP level 2. HP: 15/15 MP: 2/8
   407 | D:1      | Reached skill level 4 in Spellcasting
   492 | D:1      | Reached skill level 5 in Conjurations
   492 | D:1      | Reached XP level 3. HP: 19/19 MP: 8/10
   664 | D:1      | Learned a level 2 spell: Searing Ray
  1291 | D:2      | Reached XP level 4. HP: 21/24 MP: 2/12
  1677 | D:2      | Reached skill level 5 in Spellcasting
  1794 | D:2      | Learned a level 4 spell: Iskenderun's Mystic Blast
  1797 | D:2      | Learned a level 2 spell: Blink
  2292 | D:3      | Found an ancient bone altar of Kikubaaqudgha.
  2491 | D:3      | Reached XP level 5. HP: 28/28 MP: 11/14
  3003 | D:3      | Reached skill level 1 in Shields
  3379 | D:4      | Reached XP level 6. HP: 32/32 MP: 5/15
  3700 | D:4      | Found a glowing drain.
  3756 | Sewer    | Entered a sewer
  4737 | D:5      | Entered Level 5 of the Dungeon
  4816 | D:5      | Found a broken altar of Ashenzari.
  4858 | D:5      | Reached XP level 7. HP: 32/36 MP: 5/16
  4873 | D:5      | Gained mutation: You expend magic power (3 MP) to
                  | strengthen your wands. [potion of mutation]
  4883 | D:4      | Reached skill level 5 in Shields
  5206 | D:5      | Reached skill level 6 in Spellcasting
  6198 | D:6      | Reached skill level 7 in Spellcasting
  6320 | D:6      | Reached XP level 8. HP: 34/41 MP: 15/20
  6581 | D:7      | Noticed Menkaure
  6638 | D:6      | Learned a level 3 spell: Stone Arrow
  6709 | D:7      | Reached skill level 1 in Earth Magic
  6713 | D:7      | Found a sacrificial altar of Ru.
  6715 | D:7      | Killed Menkaure
  6837 | D:6      | Reached skill level 8 in Spellcasting
  7030 | D:7      | Found a shimmering blue altar of Sif Muna.
  7033 | D:7      | Found a shadowy altar of Dithmenos.
  7691 | D:7      | Found a staircase to the Ecumenical Temple.
  7701 | Temple   | Found a transporter.
  7701 | Temple   | Found a transporter.
  7701 | Temple   | Found a transporter.
  7701 | Temple   | Found a transporter.
  7701 | Temple   | Entered the Ecumenical Temple
  7719 | Temple   | Became a worshipper of Vehumet
  7791 | D:8      | Found a staircase to the Lair.
  7860 | D:8      | Noticed Psyche
  7864 | D:8      | Killed Psyche
  7865 | D:8      | Reached skill level 9 in Spellcasting
  8008 | D:8      | Reached skill level 5 in Earth Magic
  8332 | D:8      | Reached XP level 9. HP: 42/45 MP: 20/24
  8577 | D:8      | Reached skill level 10 in Spellcasting
  9011 | Lair:1   | Entered Level 1 of the Lair of Beasts
  9014 | Lair:1   | Noticed a cane toad
  9020 | Lair:1   | Killed a cane toad
  9054 | Lair:1   | Noticed a rime drake
  9060 | Lair:1   | Killed a rime drake
  9061 | Lair:1   | Reached skill level 5 in Dodging
  9639 | D:9      | Noticed a two-headed ogre
  9642 | D:9      | Killed a two-headed ogre
  9643 | D:9      | Reached XP level 10. HP: 50/50 MP: 16/26
  9710 | D:9      | Noticed a two-headed ogre
  9714 | D:9      | Killed a two-headed ogre
  9898 | D:9      | Reached * piety under Vehumet
  9898 | D:9      | Offered knowledge of Shock by Vehumet.
 10560 | D:9      | Found a staircase to the Orcish Mines.
 10805 | D:10     | Entered Level 10 of the Dungeon
 10829 | D:10     | Reached skill level 1 in Translocations
 11072 | D:10     | Reached skill level 10 in Dodging
 11851 | D:10     | Reached skill level 1 in Fighting
 12788 | Lair:1   | Reached XP level 11. HP: 57/58 MP: 10/27
 12979 | Lair:1   | Reached skill level 10 in Earth Magic
 12993 | Lair:1   | Offered knowledge of Scorch by Vehumet.
 12998 | Lair:1   | Reached ** piety under Vehumet
 13683 | Lair:1   | Reached skill level 5 in Fighting
 13988 | Lair:1   | Found the +8 whip "Snakebite" {venom, curare, rPois}
 14606 | Lair:2   | Noticed a catoblepas
 14625 | Lair:2   | Killed a catoblepas
 14914 | Lair:2   | Learned a level 4 spell: Flame Wave
 15006 | Lair:2   | Offered knowledge of Mercury Vapours by Vehumet.
 15034 | Lair:2   | Reached skill level 11 in Spellcasting
 15034 | Lair:2   | Reached skill level 1 in Fire Magic
 15520 | Lair:2   | Reached XP level 12. HP: 47/72 MP: 11/29
 16016 | Lair:3   | Found a staircase to the Swamp.
 16069 | Lair:3   | Reached skill level 12 in Spellcasting
 16212 | Lair:3   | Noticed Amaemon
 16228 | Lair:3   | Killed Amaemon
 16391 | Lair:3   | Reached *** piety under Vehumet
 16392 | Lair:3   | Reached skill level 5 in Fire Magic
 16446 | Lair:3   | Found a staircase to the Snake Pit.
 16583 | Lair:3   | Noticed a boulder beetle
 16591 | Lair:3   | Killed a boulder beetle
 16757 | Lair:3   | Noticed an ice dragon
 17101 | Lair:3   | Noticed Rupert
 17358 | Lair:3   | Reached skill level 13 in Spellcasting
 17521 | Lair:4   | Identified the +1 scale mail of the Hart {Will+ Str+4 Dex+3
                  | SInv}
 17821 | Lair:4   | Offered knowledge of Dazzling Flash by Vehumet.
 17948 | Lair:4   | Reached skill level 14 in Spellcasting
 17955 | Lair:4   | HP: 1/72 [skyshark (19)]
 18231 | Lair:4   | Reached skill level 15 in Spellcasting
 18491 | Lair:4   | Reached **** piety under Vehumet
 19172 | Lair:5   | Entered Level 5 of the Lair of Beasts
 19183 | Lair:5   | Reached skill level 1 in Evocations
 19185 | Lair:5   | Reached skill level 1 in Armour
 19340 | Lair:4   | Reached XP level 13. HP: 63/76 MP: 34/34
 19727 | Lair:5   | Offered knowledge of Mephitic Cloud by Vehumet.
 19938 | Lair:5   | Found a viscous altar of Jiyva.
 19939 | Lair:5   | Found a staircase to the Slime Pits.
 20063 | Lair:5   | Reached skill level 5 in Evocations
 20508 | Lair:5   | Reached skill level 5 in Armour
 21282 | Lair:5   | Noticed a dire elephant
 21769 | Lair:5   | Killed a dire elephant
 21890 | Lair:5   | Identified the +10 sling of Circularity {antimagic, rPois
                  | rC+}
 21892 | Lair:5   | Identified the +0 pair of gloves of Cowardice {Str+2
                  | Slay+2}
 22193 | Orc:1    | Entered Level 1 of the Orcish Mines
 22348 | Orc:2    | Entered Level 2 of the Orcish Mines
 22363 | Orc:1    | Reached ***** piety under Vehumet
 22441 | Orc:2    | Noticed an orc warlord
 22474 | Orc:1    | Killed an orc warlord
 22591 | Orc:2    | Offered knowledge of Iskenderun's Battlesphere by Vehumet.
 23240 | Orc:2    | Found a staircase to the Elven Halls.
 23307 | Orc:2    | Reached XP level 14. HP: 34/82 MP: 25/35
 24071 | Orc:1    | Learned a level 5 spell: Iskenderun's Battlesphere
 24444 | Orc:2    | Reached skill level 10 in Fire Magic
 24564 | Orc:2    | Found Gyxuderi's Jewellery Boutique.
 24564 | Orc:2    | Found Boliuqi's Jewellery Shoppe.
 24566 | Orc:2    | Found Ubujemm's Antique Weapon Shoppe.
 24566 | Orc:2    | Found Feom's Antique Weapon Boutique.
 24584 | Orc:2    | Bought the ring "Myrchij" {rPois rF+++ Dex+6 Slay-5 SInv}
                  | for 850 gold pieces
 25006 | D:11     | Noticed Lodul
 25043 | D:11     | Killed Lodul
 26527 | D:13     | Reached skill level 10 in Conjurations
 28043 | D:14     | Offered knowledge of Ignite Poison by Vehumet.
 28235 | D:14     | Found an ancient bone altar of Kikubaaqudgha.
 28238 | D:14     | Identified the amulet of Sloth {Reflect rF- Will+++ SH+5
                  | SInv}
 28625 | D:14     | Paralysed by an ogre mage for 3 turns
 29079 | D:14     | Found a gate to the Vaults.
 29578 | D:15     | Entered Level 15 of the Dungeon
 29589 | D:15     | Reached XP level 15. HP: 86/88 MP: 27/36
 30004 | D:15     | Offered knowledge of Yara's Violent Unravelling by Vehumet.
 30012 | D:15     | Noticed Josephine
 30021 | D:15     | Killed Josephine
 30715 | D:15     | Found a radiant altar of Vehumet.
 31549 | D:15     | Found a staircase to the Depths.
 31894 | Lair:3   | Killed Rupert
 32085 | Swamp:1  | Entered Level 1 of the Swamp
 32463 | Elf:1    | Entered Level 1 of the Elven Halls
 32910 | Lair:3   | Identified the +5 battleaxe of the Turnip {flame, *Rage
                  | Dex+4}
 33166 | Swamp:1  | HP: 3/88 [swamp dragon/blast of poison (2)]
 33180 | Swamp:1  | Slain by a five-headed hydra

Illustrated notes

Levels and vault maps discovered:
D:1:      eino_arrival_cavern_b, layout_basic
D:2:      layout_rooms
D:3:      layout_basic, nicolae_overflow_crystal_walls, minivault_5,
          small_statue_intersection, minmay_misc_feat_tiny, minmay_starry_boxes
D:4:      layout_gridville, gup_sewer_entry_bubbles, serial_park_tiny_pond
D:5:      layout_loops_cross, ashenzari_conservatory_becter
D:6:      layout_loops_ring, hex_medium
D:7:      layout_loops_corners, grunt_temple_overflow_open,
          minmay_temple_entry_poolview, uniq_menkaure
D:8:      layout_loops_ring, dpeg_oklobed_lair, st_stairs_12, nzn_life_drinkers,
          uniq_psyche
D:9:      layout_roguey, david_orc_5
D:10:     layout_basic, minmay_strange_pillars, eino_tiny_chamber
D:11:     layout_basic, uniq_lodul
D:12:     layout_long_grid
D:13:     layout_grid_maze, minmay_misc_feat_room
D:14:     layout_basic, hangedman_vaults_entry_quadrant_bands, serial_curves,
          eino_curves_02, eino_curves_01, kiku_gazebo_garden_becter
D:15:     gammafunk_enter_depths_forms, layout_irregular_city,
          hangedman_decor_opposing, vehumet_crystals, uniq_josephine
Temple:   hellmonk_temple_divided_pantheon
Lair:1:   minmay_guarded_unrand_snakebite, layout_hall_layers,
          serial_bayou_crossing, serial_bayou_shore_b, serial_bayou_shore_b
Lair:2:   layout_hall_layers, serial_bayou_shore_b, grunt_megastairs_2,
          serial_bayou_shore_a, infiniplex_staircase_pool_2, lemuel_fruit_tree,
          serial_bayou_shore_b
Lair:3:   layout_loops_ring, swamp_mist, minmay_snake_entry_guardpost_medium,
          ice2_lemuel, uniq_amaemon, uniq_rupert
Lair:4:   layout_concentric_octagons, chequers_serial_rivers_room_b,
          grunt_megastairs_1, infiniplex_staircase_pool
Lair:5:   grunt_lair_end_beastmaster, layout_misc_corridors, slime_entry_1
Swamp:1:  layout_basic_swamp, evilmike_swamp_ruin_rubble_2, swamp_pool_1_2,
          st_swamp_ruins_3, nicolae_swamp_tree_isthmus
Orc:1:    layout_caves
Orc:2:    grunt_orc_tribal_feast, layout_diamond_mine
Elf:1:    layout_geoelf_octagon, nicolae_elf_crossing_hall,
          hangedman_elf_power_crystal

Skill      XL: |  1  2  3  4  5  6  7  8  9 10 11 12 13 14 15 |
---------------+----------------------------------------------+-----
Spellcasting   | 4 5 7 9 10 11 15 | 15.8
Conjurations   | 5 7 10 | 10.0
Shields        | 2 4 5 6 7 |  7.7
Earth Magic    | 5 7 9 10 | 10.0
Dodging        | 7 10 11 13 | 13.0
Translocations | 3 |  3.0
Fighting       | 2 7 8 |  8.2
Fire Magic     | 3 7 8 10 | 10.2
Evocations     | 1 7 |  7.0
Armour         | 1 7 8 |  8.6
Stealth        | |  2.4

Action                     |  1- 3 |  4- 6 |  7- 9 | 10-12 | 13-15 || total
---------------------------+-------+-------+-------+-------+-------++-------
  Melee: Dagger            |       |    13 |       |       |       ||    13
         Staff             |       |       |     2 |    27 |     3 ||    32
   Cast: Magic Dart        |    31 |   110 |    26 |     2 |       ||   169
         Searing Ray       |     3 |    25 |    30 |    38 |     1 ||    97
         Stone Arrow       |       |       |    52 |   244 |   494 ||   790
         Iskenderun's Myst |       |       |       |    36 |   136 ||   172
         Blink             |       |       |       |     5 |     5 ||    10
         Flame Wave        |       |       |       |    18 |    30 ||    48
         Iskenderun's Batt |       |       |       |       |    13 ||    13
  Evoke: Wand              |       |       |       |    17 |     9 ||    26
         Phial of floods   |       |       |       |     1 |     3 ||     4
    Use: Scroll            |       |     1 |     8 |    11 |     9 ||    29
         Potion            |       |       |     2 |     4 |     5 ||    11
 Armour: Robe              |     3 |    20 |    51 |   218 |    81 ||   373
         Leather armour    |       |       |       |       |   175 ||   175
         Acid dragon scale |       |       |       |       |    38 ||    38
  Dodge: Dodged            |     7 |    27 |    37 |   234 |   200 ||   505
  Block: Buckler           |       |     1 |    23 |    63 |    93 ||   180
